 Dungeon Crawl Stone Soup version 0.21.0 (webtiles) character file.

44002 edsrzf the Jinx (level 13, -2/102 HPs)
             Began as a Mummy Enchanter on Jan 20, 2018.
             Was an Initiate of Gozag.
             Slain by an orc knight
             ... wielding a +0 dire flail
              (24 damage)
             ... on level 2 of the Orcish Mines.
             The game lasted 01:33:20 (23699 turns).

edsrzf the Jinx (Mummy Enchanter)                  Turns: 23699, Time: 01:33:20

Health: -2/102     AC: 12    Str: 16    XL:     13   Next: 93%
Magic:  20/26      EV: 14    Int: 18    God:    Gozag
Gold:   1557       SH:  0    Dex: 13    Spells: 11/31 levels left

rFire    . . .     SeeInvis .   w - +9 double sword (elec)
rCold    . . .     Gourm    .   (no shield)
rNeg     + + +     Faith    .   n - +2 robe of the Sneaky Ghosts {Str+4}
rPois    ∞         Spirit   .   G - +0 helmet
rElec    +         Reflect  .   A - +0 cloak
rCorr    .         Harm     .   L - +2 pair of gloves
MR       +....                  u - +2 pair of boots
Stlth    +++++.....             l - amulet of regeneration
HPRegen  0.67/turn              m - ring of fire
MPRegen  0.20/turn              N - ring of Zefuef {Wiz rElec Slay+3 Stlth+}

@: gold aura
A: no food or potions, fire vulnerability, cold resistance 1, negative energy
resistance 3, torment resistance, unbreathing, in touch with death 1
a: Potion Petition, Call Merchant, Bribe Branch, Renounce Religion


You were on level 2 of the Orcish Mines.
You worshipped Gozag.
Gozag was most pleased with you.
You were not hungry.

You visited 4 branches of the dungeon, and saw 22 of its levels.

You collected 5603 gold pieces.
You spent 1166 gold pieces at shops.
You paid 2880 gold pieces to Gozag.

Inventory:

Hand Weapons
 a - a +1 dagger
 b - a +0 dagger of venom
 i - a +0 dagger of draining
 w - a +9 double sword of electrocution (weapon)
Missiles
 k - 78 poisoned needles
 t - 3 needles of confusion
 v - 4 needles of paralysis
Armour
 n - the +2 robe of the Sneaky Ghosts (worn) {Str+4}
   (You found it on level 8 of the Dungeon)

   It affects your strength (+4).
 u - a +2 pair of boots (worn)
 A - a +0 cloak (worn)
 G - a +0 helmet (worn)
 L - a +2 pair of gloves (worn)
Jewellery
 l - an amulet of regeneration (around neck)
 m - a ring of fire (left hand)
 M - an uncursed ring of see invisible
 N - the ring of Zefuef (right hand) {Wiz rElec Slay+3 Stlth+}
   (You bought it in a shop on level 10 of the Dungeon)

   [ring of wizardry]

   It improves your spell success rate.
   It affects your accuracy and damage with ranged weapons and melee attacks
   (+3).
   It insulates you from electricity.
   It makes you more stealthy.
 O - an uncursed ring of protection from cold
Wands
 j - a wand of enslavement (6)
 r - a wand of acid (7)
 s - a wand of digging (13)
 z - a wand of paralysis (29)
 C - a wand of polymorph (33)
 E - a wand of iceblast (13)
 F - a wand of random effects (27)
Scrolls
 d - a scroll of vulnerability
 e - 2 scrolls of magic mapping
 f - 8 scrolls of remove curse {@r2}
 g - 10 scrolls of teleportation {@r3}
 p - 7 scrolls of blinking
 q - 2 scrolls of enchant armour
 x - 4 scrolls of fog
 y - a scroll of summoning
 B - 8 scrolls of identify {@r1}
 D - a scroll of brand weapon
 H - 2 scrolls of immolation
 J - a scroll of amnesia
 K - a scroll of enchant weapon
Books
 c - a book of Maledictions
 o - a book of Misfortune
 I - a book of Minor Magic


   Skills:
 + Level 9.7 Fighting
 - Level 5.8(8.5) Short Blades
 * Level 9.5(10.2) Long Blades
 + Level 4.1 Dodging
 - Level 8.0 Stealth
 - Level 9.5 Spellcasting
 - Level 3.0 Conjurations
 - Level 10.3 Hexes
 - Level 3.0 Translocations
 - Level 3.0 Fire Magic
 - Level 1.0 Ice Magic
 - Level 3.1 Air Magic
 - Level 3.0 Poison Magic


You had 11 spell levels left.
You knew the following spells:

 Your Spells              Type           Power        Failure   Level  Hunger
a - Corona                Hex            #####..      1%          1    N/A
b - Blink                 Tloc           N/A          1%          2    N/A
c - Confuse               Hex            #####...     1%          3    N/A
d - Tukima's Dance        Hex            #####...     1%          3    N/A
f - Conjure Flame         Conj/Fire      ####....     2%          3    N/A
h - Ensorcelled Hibernat  Hex/Ice        ####..       1%          2    N/A
z - Dazzling Spray        Conj/Hex       ####..       1%          3    N/A
C - Mephitic Cloud        Conj/Pois/Air  ###.....     2%          3    N/A

Dungeon Overview and Level Annotations

Branches:
Dungeon (13/15)            Temple (1/1) D:4            Lair (6/6) D:10
  Snake (0/4) Lair:3        Slime (0/5) Lair:5          Orc (2/2) D:12
    Elf (0/3) Orc:2
  Swamp: Lair:2-4    Shoals: Lair:2-4    Vaults: D:13-14

Altars:
Ashenzari
Cheibriados
Dithmenos
Elyvilon
Fedhas
Gozag
Hepliaklqana
Kikubaaqudgha
Makhleb
Nemelex Xobeh
Okawaru
Qazlal
Ru
Sif Muna
Trog
Uskayaw
Vehumet
Wu Jian
Xom
Yredelemnul
Zin
The Shining One

Shops:
D:10 =:[   Orc:2 *

Annotations:
D:5 Pikel
D:8 exclusion: statue, AymanAU's ghost, novice MiFi
Orc:2 Saint Roka; moogleknight's ghost, journeyman DDFi


Innate Abilities, Weirdness & Mutations

You do not eat or drink.
Your flesh is vulnerable to fire.
You are immune to poison.
Your flesh is cold resistant. (rC+)
You are immune to negative energy. (rN+++)
You are immune to unholy pain and torment.
You can survive without breathing.
You are in touch with the powers of death.


Message History

Deactivating autopickup; reactivate with Ctrl-A.
The orc warrior hits you with a halberd.
You slash the orc warrior!
You kill the orc warrior!
The warg bites you but does no damage.
You slash the warg! Lightning courses through the warg!
The warg is heavily wounded.
The warg barely misses you.
You closely miss the warg.
The warg is heavily wounded.
The warg bites you but does no damage.
The orc knight roars a battlecry!
The orc goes into a battle-frenzy!
You closely miss the warg.
The warg is heavily wounded.
The warg barely misses you.
The orc knight roars a battlecry!
The warg barely misses you.
You riposte.
You barely miss the warg.
The warg is heavily wounded.
You hear a shout!
Search for what [? for help]? invis Unknown command.
You closely miss the warg.
The warg is heavily wounded.
The warg closely misses you.
You slice the warg!!
You kill the warg!
You slash something! Something hits you but does no damage.
You miss something. The orc hits you but does no damage.
Something hits you but does no damage.
You slash something!
Reactivating autopickup.
You feel a bit more experienced.
The orc hits you from afar with a trident!
You slash the orc knight!
The orc knight is lightly wounded.
The orc closely misses you.
The orc knight hits you with a dire flail!
You slash the orc knight!
Lightning courses through the orc knight!
The orc knight is heavily wounded.
The orc completely misses you.
The orc knight is distracted by the nearby gold.
The orc knight shouts!
You slash the orc knight!
The orc knight is no longer distracted by gold.
The orc knight is heavily wounded.
The orc barely misses you.
You hit the orc knight.
Lightning courses through the orc knight!
The orc knight is severely wounded.
The orc hits you from afar with a trident.
The orc knight hits you but does no damage.
You barely miss the orc knight.
The orc knight is severely wounded.
The orc barely misses you.
The orc hits you from afar with a trident.
You slash the orc knight!
The orc knight is severely wounded.
The orc knight hits you with a dire flail!
The orc hits you but does no damage. The orc completely misses you.
You closely miss the orc knight.
The orc knight is severely wounded.
The orc knight hits you with a dire flail!
The orc closely misses you.
You closely miss the orc knight.
The orc knight is severely wounded.
The orc misses you.
The orc knight hits you with a dire flail!
The orc closely misses you.
Casting: Tukima's Dance
Confirm with . or Enter, or press ? or * to list all spells.
Aiming: Confuse
Press: ? - help, Shift-Dir - straight line, f - orc knight
Aim: an orc knight, wielding a dire flail and wearing a chain mail (severely wounded, chance to defeat MR: 52%)
The orc knight resists with significant effort.
The orc barely misses you.
The orc knight hits you but does no damage.
The orc closely misses you.
Casting: Confuse
Confirm with . or Enter, or press ? or * to list all spells.
Aiming: Confuse
Press: ? - help, Shift-Dir - straight line, f/p - orc knight
Aim: an orc knight, wielding a dire flail and wearing a chain mail (severely wounded, chance to defeat MR: 52%)
The orc knight appears confused.
The orc hits you from afar with a trident!
The orc knight hits the orc with a dire flail!
The orc is killed!
You catch the helpless orc knight completely off-guard!
You slash the orc knight!
The orc knight is almost dead.
The orc closely misses you.
The orc knight hits you with a dire flail!
* * * LOW HITPOINT WARNING * * *
You completely miss the orc knight.
The orc knight is almost dead.
The orc barely misses you.
The orc knight hits you with a dire flail!!
You die...
Your body crumbles into a pile of gold.

..#o.................#
$............h#.......#
..o.................#
.......$............#
..................##
o........#....<.#
......oooo.o....# $
....#...##$##..#
......#.##@o.#### $
..∩......##.## $
.........####
.....#...# .o.o.$#.##
....$..## #.... ...# ..
#.. #.........
#....#...# #.........


You could see an orc knight (confused) and an orc.

Vanquished Creatures
  An ettin (Orc:1)
  A hydra (Lair:6)
  A catoblepas (Lair:6)
  2 two-headed ogres
  A deep troll shaman (Lair:6)
  4 death yaks
  Urug (D:11)
  3 orc knights (Orc:2)
  An oklob plant (Lair:1)
  2 cyclopes
  A centaur zombie (D:12)
  20 elephants
  Psyche (D:11)
  A black mamba (Lair:1)
  6 spiny frogs
  6 komodo dragons
  3 rime drakes
  6 trolls
  Prince Ribbit (D:7)
  A polar bear (Lair:6)
  5 slime creatures
  Grinder (D:6)
  9 hippogriffs
  A dancing weapon (Orc:1)
  A spriggan (D:12)
  4 wyverns
  13 yaks
  2 basilisks
  A hungry ghost (D:12)
  6 wargs
  An acid dragon (D:12)
  A soldier ant (D:10)
  3 nagas (Lair:3)
  7 porcupines
  7 water moccasins
  25 orc warriors
  4 ice beasts
  3 black bears
  3 sky beasts
  16 wolves
  A necrophage (D:8)
  8 ogres
  3 centaurs
  17 crocodiles
  13 bullfrogs
  2 gnoll sergeants
  A wyvern skeleton (D:6)
  A water moccasin skeleton (D:7)
  6 scorpions
  13 killer bees
  4 wights
  2 howler monkeys
  An electric eel (D:9)
  5 crimson imps
  3 bullfrog zombies
  25 orc priests
  10 hounds
  4 jellies
  A bullfrog skeleton (D:11)
  A gnoll shaman (D:9)
  28 orc wizards
  Crazy Yiuf (D:7)
  3 iguanas
  Natasha (thrice) (D:2)
  8 worker ants
  A killer bee zombie (D:8)
  2 hound zombies
  A hound skeleton (D:11)
  A mummy (D:8)
  A worker ant zombie (D:8)
  21 gnolls
  17 adders
  2 oozes
  An adder skeleton (D:9)
  2 worms (D:2)
  2 dart slugs
  92 orcs
  3 giant cockroaches
  8 hobgoblins
  11 jackals
  3 quokkas
  3 ball pythons
  8 bats
  5 frilled lizards
  10 goblins
  11 kobolds
  A quokka zombie (D:7)
  5 rats
  A spectral orc (D:3)
  A fungus (Lair:3)
  A plant (Lair:1)
554 creatures vanquished.

Vanquished Creatures (collateral kills)
  A dire elephant (Lair:6)
  A two-headed ogre (D:9)
  An orc warrior (D:8)
  An ogre (D:8)
  A gnoll sergeant (D:11)
  A wight (D:11)
  An orc wizard (Orc:1)
  A gnoll (D:11)
8 creatures vanquished.

Vanquished Creatures (others)
  11 dancing weapons
  11 fungi
  10 plants
  4 withered plants (D:8)
36 creatures vanquished.

Grand Total: 598 creatures vanquished

Notes
Turn   | Place    | Note
-------+----------+-------------------------------------------
     0 | D:1      | edsrzf the Mummy Enchanter began the quest for the Orb.
     0 | D:1      | Reached XP level 1. HP: 13/13 MP: 4/4
    66 | D:1      | Reached skill level 3 in Hexes
   524 | D:1      | Reached XP level 2. HP: 19/19 MP: 5/5
   528 | D:1      | Learned a level 2 spell: Ensorcelled Hibernation
  1463 | D:1      | Reached skill level 3 in Spellcasting
  1852 | D:1      | Reached XP level 3. HP: 24/24 MP: 2/7
  2150 | D:2      | Reached skill level 1 in Ice Magic
  2252 | D:2      | Identified 3 scrolls of identify
  2252 | D:2      | Identified a scroll of magic mapping
  2253 | D:2      | Identified a scroll of remove curse
  2254 | D:2      | Identified a scroll of amnesia
  2255 | D:2      | Identified a scroll of enchant armour
  2256 | D:2      | Identified a scroll of blinking
  2439 | D:2      | Reached skill level 1 in Short Blades
  2612 | D:2      | Noticed Natasha
  2626 | D:2      | Killed Natasha
  2626 | D:2      | Reached XP level 4. HP: 13/30 MP: 0/9
  3289 | D:3      | Learned a level 3 spell: Confuse
  3303 | D:3      | Learned a level 3 spell: Tukima's Dance
  3535 | D:3      | Reached skill level 4 in Spellcasting
  3620 | D:2      | Reached skill level 4 in Hexes
  3620 | D:2      | Reached XP level 5. HP: 8/35 MP: 1/11
  4103 | D:2      | Noticed Natasha
  4120 | D:2      | Killed Natasha
  4405 | D:2      | Noticed Natasha
  4421 | D:2      | Reached skill level 2 in Short Blades
  4454 | D:2      | Killed Natasha
  5125 | D:3      | Found a basalt altar of Yredelemnul.
  5255 | D:3      | Reached XP level 6. HP: 31/41 MP: 8/13
  5539 | D:4      | Reached skill level 5 in Spellcasting
  5765 | D:4      | Found a staircase to the Ecumenical Temple.
  5785 | Temple   | Entered the Ecumenical Temple
  5846 | Temple   | Became a worshipper of Gozag Ym Sagoz the Greedy
  5932 | D:4      | Reached skill level 3 in Short Blades
  5932 | D:4      | Reached XP level 7. HP: 46/46 MP: 12/15
  5940 | D:4      | Reached skill level 5 in Hexes
  6090 | D:4      | Reached skill level 6 in Spellcasting
  6160 | D:4      | Learned a level 3 spell: Dazzling Spray
  6517 | D:5      | Entered Level 5 of the Dungeon
  6743 | D:5      | Found a blossoming altar of Fedhas.
  7148 | D:5      | Reached skill level 4 in Short Blades
  7157 | D:5      | Reached XP level 8. HP: 47/52 MP: 18/18
  7391 | D:5      | Noticed Pikel
  7403 | D:5      | Found a stormy altar of Qazlal.
  8001 | D:6      | Reached skill level 7 in Spellcasting
  8011 | D:6      | Reached skill level 6 in Hexes
  8075 | D:6      | Found a hazy altar of Hepliaklqana.
  8108 | D:6      | Found a shimmering altar of Xom.
  8152 | D:6      | Noticed Grinder
  8184 | D:6      | Killed Grinder
  8390 | D:6      | Reached skill level 5 in Short Blades
  8400 | D:6      | Reached skill level 8 in Spellcasting
  8534 | D:6      | Found a deep blue altar of Sif Muna.
  8535 | D:6      | Found a sacrificial altar of Ru.
  9160 | D:7      | Noticed Prince Ribbit
  9362 | D:7      | Found a snail-covered altar of Cheibriados.
  9447 | D:7      | Killed Prince Ribbit
  9447 | D:7      | Reached skill level 7 in Hexes
  9447 | D:7      | Reached XP level 9. HP: 48/57 MP: 6/21
  9669 | D:7      | Found a runed door.
  9673 | D:7      | Noticed Crazy Yiuf
  9676 | D:7      | Killed Crazy Yiuf
  9840 | D:7      | Reached skill level 9 in Spellcasting
 10042 | D:7      | Identified 2 scrolls of teleportation
 10043 | D:7      | Identified a scroll of enchant weapon
 10044 | D:7      | Identified a scroll of random uselessness
 10045 | D:7      | Identified a scroll of noise
 10046 | D:7      | Identified a scroll of fog
 10082 | D:8      | Noticed AymanAU's ghost (novice MiFi)
 10121 | D:8      | Noticed a two-headed ogre
 10159 | D:8      | Killed a two-headed ogre
 10159 | D:8      | Reached skill level 1 in Fighting
 10159 | D:8      | Reached skill level 1 in Long Blades
 10177 | D:8      | Found a hide-covered altar of Uskayaw.
 10217 | D:8      | Reached skill level 2 in Fighting
 10693 | D:8      | Reached skill level 2 in Long Blades
 10826 | D:8      | Reached skill level 8 in Hexes
 10916 | D:8      | Reached skill level 3 in Fighting
 10916 | D:8      | Reached skill level 3 in Stealth
 11021 | D:8      | Got a slimy robe
 11032 | D:8      | Identified the +2 robe of the Sneaky Ghosts {Str+4} (You found it on level 8 of the Dungeon)
 11047 | D:8      | Found a radiant altar of Vehumet.
 11277 | D:8      | Reached XP level 10. HP: 54/70 MP: 19/23
 11426 | D:9      | Identified 2 scrolls of summoning
 11565 | D:9      | Noticed a two-headed ogre
 11605 | D:9      | Killed a two-headed ogre
 11605 | D:9      | Reached skill level 3 in Long Blades
 11703 | D:9      | Found an ornate altar of the Wu Jian Council.
 11720 | D:9      | Reached skill level 4 in Fighting
 11747 | D:9      | Identified a scroll of vulnerability
 12020 | D:9      | Found a sparkling altar of Nemelex Xobeh.
 12351 | D:10     | Entered Level 10 of the Dungeon
 12403 | D:10     | Reached skill level 4 in Stealth
 13164 | D:10     | Reached skill level 4 in Long Blades
 13288 | D:10     | Reached skill level 5 in Fighting
 13397 | D:10     | Found a staircase to the Lair.
 13516 | D:10     | Reached skill level 9 in Hexes
 13698 | D:11     | Reached skill level 5 in Stealth
 13785 | D:11     | Noticed a cyclops
 13914 | D:11     | Reached XP level 11. HP: 43/80 MP: 11/24
 14084 | D:11     | Noticed Urug
 14128 | D:11     | Killed Urug
 14204 | D:11     | Noticed Psyche
 14293 | D:11     | Reached skill level 6 in Fighting
 14494 | D:11     | Reached skill level 5 in Long Blades
 14549 | D:11     | Killed Psyche
 14625 | Lair:1   | Entered Level 1 of the Lair of Beasts
 14741 | Lair:1   | Identified a scroll of fear
 14777 | Lair:1   | Reached skill level 6 in Stealth
 14923 | Lair:1   | Identified a scroll of brand weapon
 15195 | Lair:1   | Noticed an oklob plant
 15281 | Lair:1   | Killed an oklob plant
 15281 | Lair:1   | Reached skill level 7 in Fighting
 15569 | Lair:2   | Reached skill level 10 in Hexes
 15586 | Lair:2   | Reached skill level 6 in Long Blades
 16335 | Lair:3   | Found a staircase to the Snake Pit.
 16345 | Lair:3   | Reached skill level 7 in Stealth
 16351 | Lair:3   | Reached XP level 12. HP: 91/91 MP: 22/25
 16440 | Lair:3   | Noticed an eight-headed hydra
 16835 | Lair:3   | Noticed a death yak
 16847 | Lair:3   | Noticed a death yak
 16847 | Lair:3   | Noticed a death yak
 16847 | Lair:3   | Noticed a death yak
 16860 | Lair:3   | Noticed a death yak
 16931 | Lair:4   | Killed a death yak
 17173 | Lair:4   | Reached skill level 8 in Fighting
 17341 | Lair:4   | Reached skill level 7 in Long Blades
 18006 | Lair:4   | Reached skill level 8 in Stealth
 18192 | Lair:5   | Found a staircase to the Slime Pits.
 18236 | Lair:5   | Reached skill level 8 in Long Blades
 18278 | Lair:5   | Reached skill level 2 in Dodging
 18932 | Lair:5   | Reached skill level 9 in Fighting
 19206 | Lair:6   | Entered Level 6 of the Lair of Beasts
 19323 | Lair:6   | Reached skill level 3 in Dodging
 19336 | Lair:6   | Noticed a five-headed hydra
 19353 | Lair:6   | Killed a five-headed hydra
 19379 | Lair:6   | Identified 2 scrolls of immolation
 19406 | Lair:6   | Gained mutation: You are in touch with the powers of death. [Mummy growth]
 19406 | Lair:6   | Reached XP level 13. HP: 81/101 MP: 20/26
 19490 | Lair:6   | Reached skill level 9 in Long Blades
 19862 | Lair:6   | Learned a level 2 spell: Blink
 19866 | Lair:6   | Learned a level 3 spell: Mephitic Cloud
 20094 | Lair:5   | Reached skill level 1 in Conjurations
 20094 | Lair:5   | Reached skill level 1 in Translocations
 20094 | Lair:5   | Reached skill level 1 in Air Magic
 20094 | Lair:5   | Reached skill level 1 in Poison Magic
 20794 | Lair:6   | Reached skill level 2 in Conjurations
 20794 | Lair:6   | Reached skill level 2 in Translocations
 20794 | Lair:6   | Reached skill level 2 in Air Magic
 20794 | Lair:6   | Reached skill level 2 in Poison Magic
 20875 | Lair:6   | Noticed a dire elephant
 20921 | Lair:6   | Killed a dire elephant
 21110 | Lair:6   | Got twisted fire dragon scales
 21121 | Lair:6   | Identified the +4 fire dragon scales of the Postmodern Princes {rF++ rC- Int+2} (You found it on level 6 of the Lair of Beasts)
 21459 | D:10     | Bought a faintly humming scale mail for 216 gold pieces
 21469 | D:10     | Identified the cursed +0 scale mail of Elyvilon's Displeasure {rF+} (You bought it in a shop on level 10 of the Dungeon)
 21484 | D:10     | Bought the ring of Zefuef {Wiz rElec Slay+3 Stlth+} for 950 gold pieces
 21692 | D:12     | Found a blossoming altar of Fedhas.
 21954 | D:12     | Learned a level 3 spell: Conjure Flame
 22011 | D:12     | Found a staircase to the Orcish Mines.
 22296 | D:12     | Reached skill level 3 in Conjurations
 22296 | D:12     | Reached skill level 3 in Translocations
 22296 | D:12     | Reached skill level 3 in Air Magic
 22296 | D:12     | Reached skill level 3 in Poison Magic
 22380 | D:13     | Reached skill level 1 in Fire Magic
 22478 | Orc:1    | Entered Level 1 of the Orcish Mines
 22498 | Orc:1    | Noticed an ettin
 22504 | Orc:1    | Reached skill level 2 in Fire Magic
 22509 | Orc:2    | Entered Level 2 of the Orcish Mines
 22509 | Orc:2    | Noticed Saint Roka
 22527 | Orc:2    | Found a staircase to the Elven Halls.
 22560 | Orc:2    | Reached skill level 3 in Fire Magic
 22753 | Orc:2    | Noticed moogleknight's ghost (journeyman DDFi)
 23153 | Orc:2    | Noticed an orc warlord
 23195 | Orc:1    | Killed an ettin
 23349 | Orc:1    | Reached skill level 4 in Dodging
 23666 | Orc:2    | Found Reifoyh's General Store.
 23699 | Orc:2    | Slain by an orc knight

Skill      XL: |  1  2  3  4  5  6  7  8  9 10 11 12 13 |
---------------+----------------------------------------+-----
Hexes          | 3 4 5 7 8 9 10 | 10.3
Spellcasting   | 3 4 5 6 8 9 |  9.5
Ice Magic      | 1 |  1.0
Short Blades   | 1 2 3 4 5 |  5.8
Fighting       | 3 5 7 9 |  9.7
Long Blades    | 2 4 6 8 9 |  9.5
Stealth        | 3 5 7 8 |  8.0
Dodging        | 3 4 |  4.1
Conjurations   | 3 |  3.0
Translocations | 3 |  3.0
Air Magic      | 3 |  3.1
Poison Magic   | 3 |  3.0
Fire Magic     | 3 |  3.0

Action                   |  1- 3 |  4- 6 |  7- 9 | 10-12 | 13-15 || total
-------------------------+-------+-------+-------+-------+-------++-------
Melee: Dagger            |   117 |   208 |   454 |   601 |   158 ||  1538
       Scimitar          |       |       |     4 |       |       ||     4
       Double sword      |       |       |       |    60 |   247 ||   307
 Cast: Corona            |     3 |     2 |     3 |     1 |       ||     9
       Ensorcelled Hiber |    26 |    47 |    37 |   185 |    43 ||   338
       Tukima's Dance    |       |     3 |    15 |    15 |     5 ||    38
       Confuse           |       |     9 |    48 |    97 |    37 ||   191
       Dazzling Spray    |       |       |       |    11 |    46 ||    57
       Blink             |       |       |       |       |     7 ||     7
       Mephitic Cloud    |       |       |       |       |     4 ||     4
Invok: Call Merchant     |       |       |       |     2 |     1 ||     3
       Potion Petition   |       |       |       |     1 |       ||     1
Evoke: Wand              |       |       |       |       |     3 ||     3
  Use: Scroll            |     5 |       |     6 |    13 |     7 ||    31
 Stab: Sleeping          |    20 |    25 |    22 |   107 |    20 ||   194
       Confused          |       |     2 |    24 |    44 |    21 ||    91
       Distracted        |       |       |     1 |     6 |     5 ||    12
       Invisible         |       |       |       |     3 |     8 ||    11
Armor: Robe              |    26 |    29 |     1 |   195 |    94 ||   345
       Leather armour    |       |     6 |    64 |       |       ||    70
Dodge: Dodged            |    85 |   116 |   155 |   348 |   225 ||   929
       Rpst.: Double sword |       |       |       |     7 |    40 ||    47
